Workbook
Name _QRC4: 'QRC4 Form'!$AH$185:$AH$188
Name CONTACT: 'QRC4 Form'!$AH$190:$AL$190
Name datar: Data!$A$12:$AM$338
Name LAlist: Data!$B$12:$B$338
Name lanames: Data!$B$12:$B$338
Name Table: Data!$A$12:$C$338

Sheet Instructions
A2: 2013-14 QUARTERLY RETURN OF COUNCIL TAX (QRC4)
A3: FINAL OUTTURN INFORMATION 2013-14
B5: This return should be returned no later than Friday 16 May 2014
A7: Please email to qrc.statistics@communities.gsi.gov.uk
A9: Please enter your details after checking that you have selected the correct authority name
A11: Problems with this workbook should be e-mailed to : qrc.statistics@communities.gsi.gov.uk
D13: Ver 1.0
B15: These instructions highlight the features of the electronic form and should be read in conjunction with QRC4 Guidance Notes for 2013-14 and QRC4 Validation Notes for 2013-14.
B19: Completing the form
B21: 1. The form can be set up for each individual local authority by selecting the appropriate authority name from the list. The example shows the local authority ZZZZ. Once a local authority name is selected the spreadsheet will automatically fill in data already known to the Department for Communities and Local Government. There should be no need to change the data but please check it carefully before completing the rest of the form.
B26: 2. There are two types of cell:
C28: White, black border - these cells are blank for new data - Please ensure all the white cells are filled in before submitting the form.
C32: White, blue border - These cells are all calculations and have the appropriate formula. There should be no need to overwrite these cells.
B35: Checking the Validation Sheet
B37: 3. Once the form is complete go to the Validation sheet and check if any of the data require any further explanation. The data are compared with the both the QRC4 for 2012-13 and the QRC3 for 2013-14 and if the change is higher or lower than we would normally expect the percentage change or difference will appear in the blue boxes. If this occurs please provide an explanation for the change in the yellow box provided. For further details on the types of checks we do see QRC4 Validation Notes for 2013-14.
B42: Certifying the Form
B44: 4. When the data have been checked and verified please email the complete form to qrc.statistics@communities.gsi.gov.uk
B46: 5. Print a copy of the form for certification by your Chief Financial Officer / Section 151 officer.
B47: The certified copy of the form must be sent to Dennis Herbert, LGF-DCAA, Department for Communities and Local Government, Zone 5/J6, Eland House, Bressenden Place, London, SW1E 5DU as soon as possible after completion.
B49: 6. If changes need to be made, please reprint the form and get the revised form signed and dated by your Chief Financial Officer.
B52: Problems
B53: 7. If you experience any problems using the form please email qrc.statistics@communities.gsi.gov.uk

Sheet QRC4 Form
I1: 124 | L1: =+Instructions!D13 -> Ver 1.0
A2: QUARTERLY RETURN OF COUNCIL TAXES AND NON-DOMESTIC RATES QRC4 2013-14
D4: Please e-mail to : | E4: qrc.statistics@communities.gsi.gov.uk
A6: A certified copy of the form should be sent to Dennis Herbert, Department for Communities and Local Government,
A7: Zone 5/J6, Eland House, Bressenden Place, London, SW1E 5DU
B9: A certified version of the QRC4 should reach the Department for Communities and Local Government no later than Friday 16 May 2014
C11: Please enter your details after checking that you have selected the correct authority name
C14: Select your local authority's name from this list
C18: Check that this is your authority : | F18: =VLOOKUP(I1,datar,2,FALSE) -> Hastings
C19: Local authority contact name : | F19: NICK BROCKLEBANK
C20: Telephone number of local authority contact : | F20: 01424 451563
C21: Local authority e-mail address: | F21: nbrocklebank@hastings.gov.uk
B23: SECTION I : COUNCIL TAX AND NON-DOMESTIC RATES - TOTAL RECEIPTS IN THE PERIOD 1 APRIL 2013 TO 31 MARCH 2014
B25: Receipts of council taxes from council tax payers (net of refunds), and receipts of Crown (MOD) contributions in aid of council taxes.
B26: Receipts of non-domestic rates from non-domestic ratepayers, including rates on local authority properties.
B28: Amounts for council tax and non domestic rates should not include any amounts received and payable to the general fund in respect of court costs and penalties.
I30: Council | K30: National Non
I31: Tax | K31: Domestic Rates
B32: PART A | I32: £000 | K32: £000
B33: 1 Estimated net collectable debit in respect of 2013-14 | I33: 39562 | K33: 21898 | P33: =IF(AND(I33>=0,I33<300000),0,1) -> 0 | V33: =IF(AND(K33>=0,K33<1100000),0,1) -> 0
B35: 2 Prepayments-cash receipts collected in previous years in respect of 13-14 | I35: 479 | K35: 21 | P35: =IF(AND(I35>=0,I35<30000),0,1) -> 0 | V35: =IF(AND(K35>=0,K35<30000),0,1) -> 0
B37: 3 Estimated 13-14 receipts collected in 13-14, net of refunds granted in respect of 13-14 only | I37: 37633 | K37: 21402 | P37: =IF(AND(I37>=0,I37<300000),0,1) -> 0 | V37: =IF(AND(K37>=0,K37<1100000),0,1) -> 0
B39: 4 Total 13-14 receipts, net of refunds granted in respect of 13-14 only (Line 2 + Line 3) | I39: =I35+I37 -> 38112 | K39: =K35+K37 -> 21423
I41: % | K41: %
B42: 5 In-year collection rate for 13-14 (Line 4/Line 1 x 100, to 2 decimal places) | I42: =ROUND(I39/I33*100,2) -> 96.33 | K42: =ROUND(K39/K33*100,2) -> 97.83
B43: Please note that this figure should not exceed 100%
I44: £000 | K44: £000
B45: 6 Estimated receipts of previous years council taxes or non-domestic rates received in 13-14 only, | I45: 737 | K45: 342 | P45: =IF(I45>=0,0,1) -> 0 | V45: =IF(K45>=0,0,1) -> 0
B46: net of refunds made in respect of those years
B47: 7 Estimated receipts of 14-15 council taxes or non-domestic rates, received before 1 April 2014 and any other | I47: 540 | K47: 220 | P47: =IF(I47>=0,0,1) -> 0 | V47: =IF(K47>=0,0,1) -> 0
B48: credits carried forward in respect of those years on 31 March 2014
B49: 8 Total estimated receipts of council taxes or non-domestic rates in 13-14, irrespective of year to | I49: =+I37+I45+I47 -> 38910 | K49: =+K37+K45+K47 -> 21964
B50: which the receipts relate (Line 3 + Line 6 + Line 7)
B52: PART B
B53: This section gives authorities the opportunity to provide revised figures on the amount of council tax and non domestic rate receipts collected
B54: in quarter 1 to quarter 3 of 13-14, and the amount of receipts received in quarter 4 of 13-14.
B56: Receipts of council taxes and non domestic rate collected during 13-14, broken down by quarter, irrespective of the financial year (previous, current or future years)
B57: to which the receipts relate
I58: £000 | K58: £000 | P58: CTAX USER ENTRY | R58: CTAX VALIDATION | V58: NNDR USER ENTRY | X58: NNDR VALIDATION
B59: 9 Receipts collected between April 2013 - June 2013 (Quarter 1) | I59: 13406 | K59: 8171 | N59: =Validation!O14 -> 0 | P59: =IF(I59>=0,0,1) -> 0 | R59: =IF(ISNUMBER(Validation!E18),1,0) -> 0 | V59: =IF(K59>=0,0,1) -> 0 | X59: =IF(ISNUMBER(Validation!F18),1,0) -> 0
B61: 10 Receipts collected between July 2013 - September 2013 (Quarter 2) | I61: 11131 | K61: 5905 | N61: =Validation!O25 -> 0 | P61: =IF(I61>=0,0,1) -> 0 | R61: =IF(ISNUMBER(Validation!E29),1,0) -> 0 | V61: =IF(K61>=0,0,1) -> 0 | X61: =IF(ISNUMBER(Validation!F29),1,0) -> 0
B63: 11 Receipts collected between October 2013 - December 2013 (Quarter 3) | I63: 10905 | K63: 5906 | N63: =Validation!O36 -> 0 | P63: =IF(I63>=0,0,1) -> 0 | R63: =IF(ISNUMBER(Validation!E40),1,0) -> 0 | V63: =IF(K63>=0,0,1) -> 0 | X63: =IF(ISNUMBER(Validation!F40),1,0) -> 0
B65: 12 Receipts collected between January 2014 - March 2014 (Quarter 4) | I65: 3468 | K65: 1982
B67: Does Line 9 + Line 10 + Line 11 + Line 12 = Line 8? | I67: =IF(I59+I61+I63+I65=I49,"YES","NO - PLEASE CHECK THE CALCULATION") -> YES | K67: =IF(K59+K61+K63+K65=K49,"YES","NO - PLEASE CHECK THE CALCULATION") -> YES
B70: MEMO ITEM:
B71: 13 - This line is not used in 2013-14 | P71: =IF(I71>=0,0,1) -> 0
B74: Special Factors affecting in-year collection rates in 13-14
B76: Council Tax | F76: Non Domestic Rates
A85: Page 1
A87: QUARTERLY RETURN OF COUNCIL TAXES AND NON-DOMESTIC RATES QRC4
A88: 2013-14
B90: =CONCATENATE("LA : ",F18) -> LA : Hastings | L90: =+Instructions!D13 -> Ver 1.0
B92: A certified version of the QRC4 should reach the Department for Communities and Local Government no later than Friday 16 May 2014
A93: SECTION II: COMMUNITY CHARGES
K94: £000
B95: 14 Receipts of community charge in 13-14 from community charge payers, net of refunds | K95: 0 | P95: =IF(K95>=0,0,1) -> 0
B97: 15 Estimated community charge write offs in 13-14 (if available) | K97: 0 | P97: =IF(K97>=0,0,1) -> 0
A99: SECTION III: COUNCIL TAX ARREARS INFORMATION
B101: This section deals with arrears for council tax only. Information in this section is gross arrears and includes administration and court costs.
K102: £000
B103: 16 Arrears for 12-13 and earlier years brought forward on 1 April 2013 | K103: 4962 | P103: =IF(K103>=0,0,1) -> 0
B105: 17 Net adjustments made in 13-14 to arrears included in the net collectable debit for 12-13 and earlier years, which are included in line 16 | K105: 130 | P105: =IF(K105>=0,0,1) -> 0
B106: i.e. adjustments that change the arrears figure either up or down. (Only include refunds relating to arrears).
B108: 18 Arrears relating to 12-13 and earlier years before write-offs in 13-14 (line 16 + line 17) | K108: =IF(K103+K105<0,"Cannot be negative",K103+K105) -> 5092
B110: 19 Amount of receipts collected in 13-14 relating to arrears for 12-13 or earlier years (Do not include refunds) | K110: 920 | P110: =IF(K110>=0,0,1) -> 0
B112: 20a Amounts relating to 11-12 and earlier years written-off in 13-14 | K112: 28 | P112: =IF(K112>=0,0,1) -> 0
B114: 20b Amounts relating to 12-13 only written-off in 13-14 | K114: 1
B116: 21 Arrears relating to 12-13 and earlier years as at 31 March 2014 (line 18 - line 19 - line 20a - line 20b) | K116: =K108-K110-K112-K114 -> 4143
B118: 22 Amounts uncollected in 13-14 (Net collectable debit for 13-14 less receipts relating to 13-14) (line1 col1 minus line4 col1 plus costs) | K118: 1634 | P118: =IF(K118>=0,0,1) -> 0
B120: 23 Write offs made in 13-14 relating to 13-14 only | K120: 3 | P120: =IF(K120>=0,0,1) -> 0
B122: 24 Total arrears in respect of 13-14 outstanding as at 31 March 2014 (line 22 - line 23) | K122: =+K118-K120 -> 1631
B124: 25 Total Arrears outstanding as at 31 March 2014 (line 21 + line 24) | K124: =+K116+K122 -> 5774
B125: NB This arrears figure will be shown in the equivalent to line 16 on your QRC4 for 14-15
B127: 26 Please show here the amount of court and administration costs included in line 25. | K127: 588 | P127: =IF(K127>=0,0,1) -> 0
B129: Please provide any additional information & comments here -
B140: Certificate of Chief Financial Officer
B142: I certify to the best of my knowledge and belief, the entries in Lines 1 to 26 of this form are the best estimates I can make using the information available to me.
B146: Chief Financial Officer : ………………………………………………………… | F146: Print name : …………………………………………………………
B149: Date : ………………………………………………
A151: Page 2
AG179: FOR COMMUNITIES AND LOCAL GOVERNMENT USE ONLY PLEASE DO NOT AMEND
AG180: FULL DATA SET | AJ180: Col 1 line 1 | AK180: Col 1 line 2 | AL180: Col 1 line 3 | AM180: Col 1 line 4 | AN180: Col 1 line 5 | AO180: Col 1 line 6 | AP180: Col 1 line 7 | AQ180: Col 1 line 8 | AR180: Col 1 line 9 | AS180: Col 1 line 10 | AT180: Col 1 line 11 | AU180: Col 1 line 12 | AV180: Col 1 line 13 | AW180: Col 2 line 1 | AX180: Col 2 line 2 | AY180: Col 2 line 3 | AZ180: Col 2 line 4 | BA180: Col 2 line 5 | BB180: Col 2 line 6 | BC180: Col 2 line 7 | BD180: Col 2 line 8 | BE180: Col 2 line 9 | BF180: Col 2 line 10 | BG180: Col 2 line 11 | BH180: Col 2 line 12 | BI180: Col 2 line 14 | BJ180: Col 2 line 15 | BK180: Col 2 line 16 | BL180: Col 2 line 17 | BM180: Col 2 line 18 | BN180: Col 2 line 19 | BO180: Col 2 line 20 | BP180: Col 2 line 21 | BQ180: Col 2 line 22 | BR180: Col 2 line 23 | BS180: Col 2 line 24 | BT180: Col 2 line 25 | BU180: Col 2 line 26
AH181: =VLOOKUP(I1,Table,3,FALSE) -> E1433 | AI181: =+$F$18 -> Hastings | AJ181: =$I$33 -> 39562 | AK181: =$I$35 -> 479 | AL181: =$I$37 -> 37633 | AM181: =$I$39 -> 38112 | AN181: =$I$42 -> 96.33 | AO181: =$I$45 -> 737 | AP181: =$I$47 -> 540 | AQ181: =$I$49 -> 38910 | AR181: =$I$59 -> 13406 | AS181: =$I$61 -> 11131 | AT181: =$I$63 -> 10905 | AU181: =$I$65 -> 3468 | AV181: =$I$71 -> 0 | AW181: =$K$33 -> 21898 | AX181: =$K$35 -> 21 | AY181: =$K$37 -> 21402 | AZ181: =$K$39 -> 21423 | BA181: =$K$42 -> 97.83 | BB181: =$K$45 -> 342 | BC181: =$K$47 -> 220 | BD181: =$K$49 -> 21964 | BE181: =$K$59 -> 8171 | BF181: =$K$61 -> 5905 | BG181: =$K$63 -> 5906 | BH181: =$K$65 -> 1982 | BI181: =$K$95 -> 0 | BJ181: =K97 -> 0 | BK181: =$K$103 -> 4962 | BL181: =$K$105 -> 130 | BM181: =$K$108 -> 5092 | BN181: =$K$110 -> 920 | BO181: =$K$112 -> 28 | BP181: =$K$116 -> 4143 | BQ181: =$K$118 -> 1634 | BR181: =$K$120 -> 3 | BS181: =$K$122 -> 1631 | BT181: =$K$124 -> 5774 | BU181: =$K$127 -> 588
AH185: =CONCATENATE("000",AH181,"QRC408XXX,",AJ181,",",AK181,",",AL181,",",AM181,",",AN181,",",AO181,",",AP181,",",AQ181,",",AR181,",",AS181,",") -> 000E1433QRC408XXX,39562,479,37633,38112,96.33,737,540,38910,13406,11131,
AH186: =CONCATENATE("000",AH181,"QRC408XXX,",AT181,",",AU181,",",AV181,",",AW181,",",AX181,",",AY181,",",AZ181,",",BA181,",",BB181,",",BC181,",") -> 000E1433QRC408XXX,10905,3468,0,21898,21,21402,21423,97.83,342,220,
AH187: =CONCATENATE("000",AH181,"QRC408XXX,",BD181,",",BE181,",",BF181,",",BG181,",",BH181,",",BI181,",",BJ181,",",BK181,",",BL181,",",BM181,",") -> 000E1433QRC408XXX,21964,8171,5905,5906,1982,0,0,4962,130,5092,
AH188: =CONCATENATE("000",AH181,"QRC408XXX,",BN181,",",BO181,",",BP181,",",BQ181,",",BR181,",",BS181,",",BT181,",",BU181,",") -> 000E1433QRC408XXX,920,28,4143,1634,3,1631,5774,588,
AH190: =VLOOKUP(I1,Table,3,FALSE) -> E1433 | AI190: =F18 -> Hastings | AJ190: =F19 -> NICK BROCKLEBANK | AK190: =F20 -> 01424 451563 | AL190: =F21 -> nbrocklebank@hastings.gov.uk

Sheet Validation
C2: =CONCATENATE("LA : ",+'QRC4 Form'!F18) -> LA : Hastings
A4: This sheet has details of our validation checks. If there are any figures in the blue boxes your form has failed our validation checks.
A5: Any large % changes in figures between data on the QRC4 2012-13 or QRC3 2013-14 and the QRC4 2013-14 form, or unusual figures when lines from your QRC4 2013-14 form are expressed as a percentage of other lines, will need to be explained in the relevant boxes next to the test.
K8: =+'QRC4 Form'!L9 -> 0
E9: Council tax | F9: NNDR | G9: Community charge
B12: Test 1 : Line 9 from QRC4 2013-14 compared with quarter 1 information from QRC3 2013-14
B14: Line 9 QRC4 2013-14 | E14: ='QRC4 Form'!I59 -> 13406 | F14: ='QRC4 Form'!K59 -> 8171 | L14: =IF(AND((SUM(E18:F18)<>0),J14=""),1,0) -> 0 | M14: =IF(AND((SUM(E18:F18)=0),J14=""),0,1) -> 0 | N14: =IF(AND((SUM(E18:F18)=0),J14<>""),2,0) -> 0 | O14: =SUM(L14:N14) -> 0
B15: QRC3 data | E15: =VLOOKUP('QRC4 Form'!I1,Data!A12:AM338,4,FALSE) -> 13406 | F15: =VLOOKUP('QRC4 Form'!I1,Data!A12:AM338,8,FALSE) -> 8171
C16: % Difference | E16: =IF(E14+E15=0," ",IF(E15=0," ",ABS(E14-E15)/E15*100)) -> 0 | F16: =IF(F14+F15=0," ",IF(F15=0," ",ABS(F14-F15)/F15*100)) -> 0
B18: =IF(SUM(E18:F18)=0,"Go to Test 2","Please explain the reason for the change in the yellow box on the right") -> Go to Test 2 | D18: =IF(D16+D17=0," ",(D16-D17)/D17) | E18: =IF(AND(E15>20,E16>+Parameters!B5),E16,"") | F18: =IF(AND(F15>20,F16>+Parameters!C5),F16,"")
J19: Click here to return to form
B23: Test 2 : Line 10 from QRC4 2013-14 compared with quarter 2 information from QRC3 2013-14
B25: Line 10 QRC4 2013-14 | E25: ='QRC4 Form'!I61 -> 11131 | F25: ='QRC4 Form'!K61 -> 5905 | L25: =IF(AND((SUM(E29:F29)<>0),J25=""),1,0) -> 0 | M25: =IF(AND((SUM(E29:F29)=0),J25=""),0,1) -> 0 | N25: =IF(AND((SUM(E29:F29)=0),J25<>""),2,0) -> 0 | O25: =SUM(L25:N25) -> 0
B26: QRC3 data | E26: =VLOOKUP('QRC4 Form'!I1,Data!A12:AM338,5,FALSE) -> 11131 | F26: =VLOOKUP('QRC4 Form'!I1,Data!A12:AM338,9,FALSE) -> 5905
C27: % Difference | D27: =IF(D25+D26=0," ",(D25-D26)/D26) | E27: =IF(E25+E26=0," ",IF(E26=0," ",ABS(E25-E26)/E26*100)) -> 0 | F27: =IF(F25+F26=0," ",IF(F26=0," ",ABS(F25-F26)/F26*100)) -> 0
B29: =IF(SUM(E29:F29)=0,"Go to Test 3","Please explain the reason for the change in the yellow box on the right") -> Go to Test 3 | D29: =IF(D27=" "," ",IF(ABS(D27)>10%,D27," ")) | E29: =IF(AND(E26>20,E27>+Parameters!B6),E27,"") | F29: =IF(AND(F26>20,F27>+Parameters!C6),F27,"")
J30: Click here to return to form
B34: Test 3 : Line 11 from QRC4 2013-14 compared with quarter 3 from QRC3 2013-14
B36: Line 11 QRC4 2013-14 | E36: ='QRC4 Form'!I63 -> 10905 | F36: ='QRC4 Form'!K63 -> 5906 | L36: =IF(AND((SUM(E40:F40)<>0),J36=""),1,0) -> 0 | M36: =IF(AND((SUM(E40:F40)=0),J36=""),0,1) -> 0 | N36: =IF(AND((SUM(E40:F40)=0),J36<>""),2,0) -> 0 | O36: =SUM(L36:N36) -> 0
B37: QRC3 data | E37: =VLOOKUP('QRC4 Form'!I1,Data!A12:AM338,6,FALSE) -> 10905 | F37: =VLOOKUP('QRC4 Form'!I1,Data!A12:AM338,10,FALSE) -> 5906
C38: % Difference | E38: =IF(E36+E37=0," ",IF(E37=0," ",ABS(E36-E37)/E37*100)) -> 0 | F38: =IF(F36+F37=0," ",IF(F37=0," ",ABS(F36-F37)/F37*100)) -> 0
B40: =IF(SUM(E40:F40)=0,"Go to Test 4","Please explain the reason for the change in the yellow box on the right") -> Go to Test 4 | E40: =IF(AND(E37>20,E38>+Parameters!B7),E38,"") | F40: =IF(AND(F37>20,F38>+Parameters!C7),F38,"")
J41: Click here to return to the form
B49: =+C2 -> LA : Hastings | K49: =+K8 -> 0
E50: Council tax | F50: NNDR | G50: Community charge
B53: Test 4 : Comparison of sum of quarter 1, 2 & 3 from QRC4 2013-14 with sum of quarter 1, 2 & 3 from QRC3 2013-14
B55: Sum of Quarter 1, 2 & 3 from QRC4 2013-14 | E55: =+E14+E25+E36 -> 35442 | F55: =+F14+F25+F36 -> 19982 | L55: =IF(AND((SUM(E59:F59)<>0),J55=""),1,0) -> 0 | M55: =IF(AND((SUM(E59:F59)=0),J55=""),0,1) -> 0 | N55: =IF(AND((SUM(E59:F59)=0),J55<>""),2,0) -> 0 | O55: =SUM(L55:N55) -> 0
B56: Sum of Quarter 1, 2 & 3 from QRC3 2013-14 | E56: =+E15+E26+E37 -> 35442 | F56: =+F15+F26+F37 -> 19982
C57: % Difference | E57: =IF(E55+E56=0," ",IF(E56=0," ",ABS(E55-E56)/E56*100)) -> 0 | F57: =IF(F55+F56=0," ",IF(F56=0," ",ABS(F55-F56)/F56*100)) -> 0
B59: =IF(SUM(E59:F59)=0,"Go to Test 5","Please explain the reason for the change in the yellow box on the right") -> Go to Test 5 | E59: =IF(AND(E56>20,E57>+Parameters!B8),E57,"") | F59: =IF(AND(F56>20,F57>+Parameters!C8),F57,"")
C60: =IF(C58=" "," ",IF(ABS(C58)>20%,C58," ")) | D60: =IF(D58=" "," ",IF(ABS(D58)>20%,D58," ")) | J60: Click here to return to the form
B64: Test 5 : Level of receipts collected for whole year should be higher than that collected up to 31 December 2013
B66: Line 8 | E66: ='QRC4 Form'!I49 -> 38910 | F66: ='QRC4 Form'!K49 -> 21964 | G66: ='QRC4 Form'!K95 -> 0 | L66: =IF(AND((SUM(E70:G70)<>0),J66=""),1,0) -> 0 | M66: =IF(AND((SUM(E70:G70)=0),J66=""),0,1) -> 0 | N66: =IF(AND((SUM(E70:G70)=0),J66<>""),2,0) -> 0 | O66: =SUM(L66:N66) -> 0
B67: Collection of receipts between April 2013 - December 2013 from QRC3 2013-14 | E67: =IF(E66+F66+G66=0,0,VLOOKUP('QRC4 Form'!$I$1,Data!$A$12:$AN$339,7,FALSE)) -> 35442 | F67: =IF(E66+F66+G66=0,0,VLOOKUP('QRC4 Form'!$I$1,Data!$A$12:$AN$339,11,FALSE)) -> 19982 | G67: =IF(E66+F66+G66=0,0,VLOOKUP('QRC4 Form'!$I$1,Data!$A$12:$AN$339,15,FALSE)) -> 0
C68: % Difference | D68: =IF(D66+D67=0," ",(D66-D67)/D67) | E68: =IF(E66+E67=0," ",IF(E67=0," ",(E67-E66)/E66*100)) -> -8.9128759 | F68: =IF(F66+F67=0," ",IF(F67=0," ",(F67-F66)/F66*100)) -> -9.0238572 | G68: =IF(G66+G67=0," ",IF(G67=0," ",ABS(G66-G67)))
B70: =IF(SUM(E70:F70)=0,"Go to Test 6","Please explain the reason for the difference in the yellow box on the right") -> Go to Test 6 | E70: =IF(AND(E67>E66,E68>+Parameters!B9),E68,"") | F70: =IF(AND(F67>F66,F68>+Parameters!C9),F68,"") | G70: =IF(AND(G67>G66,G68>+Parameters!D9),G68,"")
J71: Click here to return the form
B75: Test 6 : Total receipts on QRC4 more than 20% greater than that reported for quarters1, 2 & 3 on QRC3
B77: Line 8 from QRC4 2013-14 | E77: ='QRC4 Form'!I49 -> 38910 | F77: ='QRC4 Form'!K49 -> 21964 | L77: =IF(AND((SUM(E81:F81)<>0),J77=""),1,0) -> 0 | M77: =IF(AND((SUM(E81:F81)=0),J77=""),0,1) -> 0 | N77: =IF(AND((SUM(E81:F81)=0),J77<>""),2,0) -> 0 | O77: =SUM(L77:N77) -> 0
B78: Collection of receipts between April 2013 - December 2013 from QRC3 2013-14 | E78: =IF(E77+F77=0,0,VLOOKUP('QRC4 Form'!$I$1,Data!$A$12:$AN$339,7,FALSE)) -> 35442 | F78: =IF(E77+F77=0,0,VLOOKUP('QRC4 Form'!$I$1,Data!$A$12:$AN$339,11,FALSE)) -> 19982
C79: % Difference | D79: =IF(D77+D78=0," ",(D77-D78)/D78) | E79: =IF(E77+E78=0," ",IF(E78=0," ",ABS(E77-E78)/E78*100)) -> 9.7850008 | F79: =IF(F77+F78=0," ",IF(F78=0," ",ABS(F77-F78)/F78*100)) -> 9.918927
B81: =IF(SUM(E81:F81)=0,"Go to Test 7","Please explain the reason for the difference in the yellow box on the right") -> Go to Test 7 | E81: =IF(AND(E78>20,E79>+Parameters!B10),E79,"") | F81: =IF(AND(F78>20,F79>+Parameters!C10),F79,"")
J82: Click here to return the form
B86: Test 7 : Line 12 from QRC4 2013-14 compared with collection of receipts between January 2013 - March 2013 from QRC4 2012-13
B88: Line 12 from QRC4 2013-14 | E88: ='QRC4 Form'!I65 -> 3468 | F88: ='QRC4 Form'!K65 -> 1982 | J88: Improved collection due to 12 monthly instalments and no defer scheme for ndr. | L88: =IF(AND((SUM(E92:F92)<>0),J88=""),1,0) -> 0 | M88: =IF(AND((SUM(E92:F92)=0),J88=""),0,1) -> 1 | N88: =IF(AND((SUM(E92:F92)=0),J88<>""),2,0) -> 0 | O88: =SUM(L88:N88) -> 1
B89: Collection of receipts between January 2013 - March 2013 from QRC4 2012-13 | E89: =IF(E88+F88=0,0,VLOOKUP('QRC4 Form'!$I$1,Data!$A$12:$AN$338,24,FALSE)) -> 2810 | F89: =IF(E88+F88=0,0,VLOOKUP('QRC4 Form'!$I$1,Data!$A$12:$AN$338,34,FALSE)) -> 1365
C90: % Difference | E90: =IF(E88+E89=0," ",IF(E89=0," ",ABS(E88-E89)/E89*100)) -> 23.41637 | F90: =IF(F88+F89=0," ",IF(F89=0," ",ABS(F88-F89)/F89*100)) -> 45.201465
B92: =IF(SUM(E92:F92)=0,"Go to Test 8","Please explain the reason for the difference in the yellow box on the right") -> Please explain the reason for the difference in the yellow box on the right | E92: =IF(AND(E89>20,E90>+Parameters!B11),E90,"") -> 23.41637 | F92: =IF(AND(F89>20,F90>+Parameters!C11),F90,"") -> 45.201465
J93: Click here to return the form
B95: =+C2 -> LA : Hastings | K95: =+K8 -> 0
E96: Council tax | F96: NNDR | G96: Community charge
B99: Test 8 : Lines 2 and 8 from QRC4 2013-14 compared with collection of receipts during financial year 2012-13
B101: Lines 2 and 8 (including prepayments) from QRC4 2013-14 | E101: ='QRC4 Form'!I49+'QRC4 Form'!I35 -> 39389 | F101: ='QRC4 Form'!K49+'QRC4 Form'!K35 -> 21985 | G101: ='QRC4 Form'!K95 -> 0 | L101: =IF(AND((SUM(E105:G105)<>0),J101=""),1,0) -> 0 | M101: =IF(AND((SUM(E105:G105)=0),J101=""),0,1) -> 0 | N101: =IF(AND((SUM(E105:G105)=0),J101<>""),2,0) -> 0 | O101: =SUM(L101:N101) -> 0
B102: Collection of receipts between April 2012 - March 2013 (including prepayments) from QRC4 2012-13 | E102: =IF(E101+F101+G101=0,0,VLOOKUP('QRC4 Form'!$I$1,Data!$A$12:$AN$338,23,FALSE)+VLOOKUP('QRC4 Form'!$I$1,Data!$A$12:$AN$338,17,FALSE)) -> 37870 | F102: =IF(E101+F101+G101=0,0,VLOOKUP('QRC4 Form'!$I$1,Data!$A$12:$AN$338,27,FALSE)+VLOOKUP('QRC4 Form'!$I$1,Data!$A$12:$AN$338,33,FALSE)) -> 20238 | G102: =IF(E101+F101+G101=0,0,VLOOKUP('QRC4 Form'!$I$1,Data!$A$12:$AN$338,25,FALSE)) -> 0
C103: % Difference | E103: =IF(E101+E102=0," ",IF(E102=0," ",ABS(E101-E102)/E102*100)) -> 4.0110906 | F103: =IF(F101+F102=0," ",IF(F102=0," ",ABS(F101-F102)/F102*100)) -> 8.6322759 | G103: =IF(G101+G102=0," ",IF(G102=0," ",(G101-G102)/G102*100))
B105: =IF(SUM(E105:F105)=0,"Go to Test 9","Please explain the reason for the difference in the yellow box on the right") -> Go to Test 9 | E105: =IF(AND(E102>30,E103>+Parameters!B12),E103,"") | F105: =IF(AND(F102>30,F103>+Parameters!C12),F103,"") | G105: =IF(AND(G102>30,G103>+Parameters!D12),G103,"")
J106: Click here to return the form
B110: Test 9 : Comparison of prepayments/cash receipts collected in previous years iro 2013-14 charges with information provided on QRC4 2012-13
B112: Prepayments/Cash Receipts iro 2013-14 from QRC4 2013-14 | E112: ='QRC4 Form'!I35 -> 479 | F112: ='QRC4 Form'!K35 -> 21 | L112: =IF(AND((SUM(E116:F116)<>0),J112=""),1,0) -> 0 | M112: =IF(AND((SUM(E116:F116)=0),J112=""),0,1) -> 0 | N112: =IF(AND((SUM(E116:F116)=0),J112<>""),2,0) -> 0 | O112: =SUM(L112:N112) -> 0
B113: Prepayments/Cash Receipts iro 2012-13 from QRC4 2012-13 | E113: =IF(E112+F112=0,0,VLOOKUP('QRC4 Form'!$I$1,Data!$A$12:$AN$338,22,FALSE)) -> 479 | F113: =IF(E112+F112=0,0,VLOOKUP('QRC4 Form'!$I$1,Data!$A$12:$AN$338,32,FALSE)) -> 21
C114: Difference | E114: =IF(E112+E113=0," ",IF(E113=0," ",ABS(E112-E113))) -> 0 | F114: =IF(F112+F113=0," ",IF(F113=0," ",ABS(F112-F113))) -> 0
B116: =IF(SUM(E116:F116)=0,"Go to Test 10","Please explain the reason for the difference in the yellow box on the right") -> Go to Test 10 | E116: =IF(AND(E112>E113,E114>+Parameters!B13),E114,"") | F116: =IF(AND(F112>F113,F114>+Parameters!C13),F114,"")
J117: Click here to return the form
B121: Test 10 : Line 5 from QRC4 2013-14 compared with collection rate in 2012-13
B123: Line 5 from QRC4 2013-14 | E123: =IF('QRC4 Form'!I39=0,0,'QRC4 Form'!I42) -> 96.33 | F123: =IF('QRC4 Form'!K39=0,0,'QRC4 Form'!K42) -> 97.83 | L123: =IF(AND((SUM(E127:F127)<>0),J123=""),1,0) -> 0 | M123: =IF(AND((SUM(E127:F127)=0),J123=""),0,1) -> 0 | N123: =IF(AND((SUM(E127:F127)=0),J123<>""),2,0) -> 0 | O123: =SUM(L123:N123) -> 0
B124: Collection Rate in 2012-13 from QRC4 2012-13 | E124: =IF(E123+F123=0,0,VLOOKUP('QRC4 Form'!$I$1,Data!$A$12:$AN$338,20,FALSE)) -> 96.61 | F124: =IF(E123+F123=0,0,VLOOKUP('QRC4 Form'!$I$1,Data!$A$12:$AN$338,30,FALSE)) -> 97.35
C125: Difference | E125: =IF(E123+E124=0," ",IF(E124=0," ",ABS(E123-E124))) -> 0.28 | F125: =IF(F123+F124=0," ",IF(F124=0," ",ABS(F123-F124))) -> 0.48
B127: =IF(SUM(E127:F127)=0,"Go to Test 11","Please explain the reason for the difference in the yellow box on the right") -> Go to Test 11 | E127: =IF(AND(E124>1.5,E125>+Parameters!B14),E125,"") | F127: =IF(AND(F124>1.5,F125>+Parameters!C14),F125,"")
J128: Click here to return the form
B132: Test 11 : Council Tax arrears
B134: Arrears collected in 2013-14 from QRC4 2013-14 | E134: ='QRC4 Form'!I45 -> 737 | L134: =IF(AND(E138<>"",J134=""),1,0) -> 0 | M134: =IF(AND(E138="",J134=""),0,1) -> 0 | N134: =IF(AND(E138=0,J134<>""),2,0) -> 0 | O134: =SUM(L134:N134) -> 0
B135: Arrears collected in 2012-13 from QRC4 2012-13 | E135: =IF(E134=0,0,VLOOKUP('QRC4 Form'!$I$1,Data!$A$12:$AN$338,21,FALSE)) -> 633
C136: % Difference | E136: =IF(E134+E135=0," ",IF(E135=0," ",(E134-E135)/E135*100)) -> 16.4297
B138: =IF(E138="","Go to Test 12","Please explain the reason for the difference in the yellow box on the right") -> Go to Test 12 | E138: =IF(AND(E135>-1,E136<+Parameters!B15),E136,"")
J139: Click here to return the form
B142: =+C2 -> LA : Hastings | K142: =+K8 -> 0
E143: Council tax | F143: NNDR | G143: Community charge
B146: Test 12 : Comparison of collection of receipts collected in 2013-14 iro 2013-14 charges with collection of receipts collected in 2013-14 iro previous years charges
B148: Line 3 from QRC4 2013-14 | E148: ='QRC4 Form'!I37 -> 37633 | F148: ='QRC4 Form'!K37 -> 21402 | L148: =IF(AND((SUM(E152:F152)<>0),J148=""),1,0) -> 0 | M148: =IF(AND((SUM(E152:F152)=0),J148=""),0,1) -> 0 | N148: =IF(AND((SUM(E152:F152)=0),J148<>""),2,0) -> 0 | O148: =SUM(L148:N148) -> 0
B149: Line 6 from QRC4 2013-14 | E149: ='QRC4 Form'!I45 -> 737 | F149: ='QRC4 Form'!K45 -> 342
C150: % Difference | E150: =IF(E148+E149=0," ",IF(E149=0," ",(E148-E149))) -> 36896 | F150: =IF(F148+F149=0," ",IF(F149=0," ",(F148-F149))) -> 21060
B152: =IF(SUM(E152:F152)=0,"Go to Test 13","Please explain the reason for the difference in the yellow box on the right") -> Go to Test 13 | E152: =IF(AND(E149>0,E150<+Parameters!B16),E150,"") | F152: =IF(AND(F149>0,F150<+Parameters!C16),F150,"")
J153: Click here to return the form
B157: Test 13 : Check of community charge data
B159: Line 14 from QRC4 2013-14 | G159: ='QRC4 Form'!K95 -> 0 | L159: =IF(AND(G161<>"",J159=""),1,0) -> 0 | M159: =IF(AND(G161="",J159=""),0,1) -> 0 | N159: =IF(AND(G161=0,J159<>""),2,0) -> 0 | O159: =SUM(L159:N159) -> 0
B161: =IF(G161="","Go to Test 14","Please explain the reason for the difference in the yellow box on the right") -> Go to Test 14 | G161: =IF(G159>+Parameters!D17,G159,"")
J162: Click here to return the form
B166: Test 14 : Comparison of net collectable debit for Council Tax and Non-Domestic Rates from QRC4 2013-14 with CTR1 2013-14 and NNDR1 2013-14 (NNDR)
B168: Net collectable debit from QRC4 2013-14 | E168: ='QRC4 Form'!I33 -> 39562 | F168: ='QRC4 Form'!K33 -> 21898 | J168: net collectable debit for QRC4 does not include Council Tax reduction. | L168: =IF(AND((SUM(E172:F172)<>0),J168=""),1,0) -> 0 | M168: =IF(AND((SUM(E172:F172)=0),J168=""),0,1) -> 1 | N168: =IF(AND((SUM(E172:F172)=0),J168<>""),2,0) -> 0 | O168: =SUM(L168:N168) -> 1
B169: Net collectable debit from CTR1 2013-14 and NNDR1 2013-14 (NNDR) | E169: =IF(E168+F168=0,0,VLOOKUP('QRC4 Form'!$I$1,Data!$A$12:$AN$338,39,FALSE)) -> 49585.603 | F169: =IF(E168+F168=0,0,VLOOKUP('QRC4 Form'!$I$1,Data!$A$12:$AN$338,35,FALSE)/1000) -> 21747.397
C170: % Difference | E170: =IF(E168+E169=0," ",IF(E169=0," ",ABS(E168-E169)/E169*100)) -> 20.214745 | F170: =IF(F168+F169=0," ",IF(F169=0," ",ABS(F168-F169)/F169*100)) -> 0.69251005
B172: =IF(SUM(E172:F172)=0,"Go to Test 15","Please explain the reason for the difference in the yellow box on the right") -> Please explain the reason for the difference in the yellow box on the right | E172: =IF(AND(E169>15,E170>+Parameters!B18),E170,"") -> 20.214745 | F172: =IF(AND(F169>10,F170>+Parameters!C18),F170,"")
J173: Click here to return the form
B175: =+C2 -> LA : Hastings | K175: =+K8 -> 0
E176: Council tax | F176: NNDR | G176: Community charge
B179: Test 15 : Ensuring the receipts collected by quarters for Council Tax and Non-Domestic Rates equals the total receipts collected
B181: Sum of quarters (lines 9 to 12) | E181: ='QRC4 Form'!I59+'QRC4 Form'!I61+'QRC4 Form'!I63+'QRC4 Form'!I65 -> 38910 | F181: ='QRC4 Form'!K59+'QRC4 Form'!K61+'QRC4 Form'!K63+'QRC4 Form'!K65 -> 21964 | L181: =IF(AND((SUM(E185:F185)<>0),J181=""),1,0) -> 0 | M181: =IF(AND((SUM(E185:F185)=0),J181=""),0,1) -> 0 | N181: =IF(AND((SUM(E185:F185)=0),J181<>""),2,0) -> 0 | O181: =SUM(L181:N181) -> 0
B182: Total receipts collected irrespective of year (line 8) | E182: ='QRC4 Form'!I49 -> 38910 | F182: ='QRC4 Form'!K49 -> 21964
C183: % Difference | E183: =IF(E181+E182=0," ",IF(E182=0," ",ABS(E181-E182))) -> 0 | F183: =IF(F181+F182=0," ",IF(F182=0," ",ABS(F181-F182))) -> 0
B185: =IF(SUM(E185:F185)=0,"","Please explain the reason for the difference in the yellow box on the right") | E185: =IF(AND(E182>0,E183>+Parameters!B19),E183,"") | F185: =IF(AND(F182>0,F183>+Parameters!C19),F183,"")
...

Sheet Parameters
A1: Validation parameters summary
A2: For DCLG use only
B4: Council tax | C4: NNDR | D4: Community charge
A5: Test 1 | B5: 10 | C5: 10
A6: Test 2 | B6: 10 | C6: 10
A7: Test 3 | B7: 10 | C7: 10
A8: Test 4 | B8: 20 | C8: 20
A9: Test 5 | B9: 0 | C9: 0 | D9: 0
A10: Test 6 | B10: 20 | C10: 20
A11: Test 7 | B11: 20 | C11: 20
A12: Test 8 | B12: 30 | C12: 30 | D12: 30
A13: Test 9 | B13: 0 | C13: 0
A14: Test 10 | B14: 1.5 | C14: 1.5
A15: Test 11 | B15: -10
A16: Test 12 | B16: 0 | C16: 0
A17: Test 13 | D17: 500
A18: Test 14 | B18: 15 | C18: 10
A19: Test 15 | B19: 0 | C19: 0

Sheet Data
A2: 1 | B2: 2 | C2: 3 | D2: 4 | E2: 5 | F2: 6 | G2: 7 | H2: 8 | I2: 9 | J2: 10 | K2: 11 | L2: 12 | M2: 13 | N2: 14 | O2: 15 | P2: 16 | Q2: 17 | R2: 18 | S2: 19 | T2: 20 | U2: 21 | V2: 22 | W2: 23 | X2: 24 | Y2: 25 | Z2: 26 | AA2: 27 | AB2: 28 | AC2: 29 | AD2: 30 | AE2: 31 | AF2: 32 | AG2: 33 | AH2: 34 | AI2: 35 | AJ2: 36 | AK2: 37 | AL2: 38 | AM2: 39
P5: Council Tax data from QRC4 2012-13 | Z5: NNDR data from QRC4 2012-13
P6: Est net collectable | Q6: Prepayments/cash | R6: Est receipts of 2012-13 | S6: Total receipts of | T6: Council tax in year | U6: Est receipt of | V6: Est receipt of | W6: Total receipt | X6: Ctax receipts | Y6: Receipt of | Z6: Est net collectable | AA6: Prepayments/cash | AB6: Est receipts of 2012-13 | AC6: Total receipts of | AD6: NNDR in year | AE6: Est receipt of | AF6: Est receipt of | AG6: Total receipt | AH6: NNDR receipts | AJ6: CTR info | AK6: CTR info | AL6: CTR info
D7: Council Tax info from QRC3 2013-14 | H7: NDR info from QRC3 2013-14 | L7: CC info from QRC3 2013-14 | P7: debit iro | Q7: receipts iro | R7: ctaxes collected | S7: 12-13 CT in | T7: collection rate | U7: previous yr | V7: 2011-12 ctaxes | W7: of C Taxes received | X7: Jan 2013-Mar 2013 | Y7: community charge | Z7: debit iro | AA7: receipts iro | AB7: NNDR collected | AC7: 2012-13 NNDR | AD7: collection rate | AE7: previous yr | AF7: 2012-13 NNDR | AG7: of NNDR | AH7: Jan 2013-Mar 2013 | AI7: NNDR info | AJ7: from CTR1 | AK7: from CTR1 | AL7: from CTR1 | AM7: CTR1 calctn
A8: No. | B8: Local Authority | C8: Ecodes | D8: Qtr1 | E8: Qtr2 | F8: Qtr3 | G8: Total Qtrs | H8: Qtr1 | I8: Qtr2 | J8: Qtr3 | K8: Total Qtrs | L8: Qtr1 | M8: Qtr2 | N8: Qtr3 | O8: Total Qtrs | P8: 2012-13 | Q8: 2012-13 | R8: 2012-13 | S8: 2012-13 | T8: 2012-13 | U8: ctaxes received | V8: received before | W8: in 2012-13 | Y8: in 2012-13 | Z8: 2012-13 | AA8: 2012-13 | AB8: in 2012-13 | AD8: 2012-13 | AE8: NNDR received | AF8: received | AG8: received in 2012-13 | AI8: NNDR1 2013-14 | AJ8: 2013-14 | AK8: 2013-14 | AL8: 2013-14
D9: £000 | E9: £000 | F9: £000 | G9: £000 | H9: £000 | I9: £000 | J9: £000 | K9: £000 | L9: £000 | M9: £000 | N9: £000 | O9: £000 | V9: 41365 | W9: irrespective of year | AF9: in 2012-13 | AG9: irrespective of year | AH9: of year | AJ9: Taxbase | AK9: contributions | AL9: ctax
P10: Line 1 | Q10: Line 2 | R10: Line 3 | S10: Line 4 | T10: Line 5 | U10: Line 6 | V10: Line 7 | W10: Line 8 | X10: Line 12 | Y10: Line 14 | Z10: Line 1 | AA10: Line 2 | AB10: Line 3 | AC10: Line 4 | AD10: Line 5 | AE10: Line 6 | AF10: Line 7 | AG10: Line 8 | AH10: Line 12 | AI10: Line 20 | AJ10: Line 12 | AK10: Line 16 | AL10: Line 21
A12: 1 | B12: Adur | C12: E3831 | D12: 9150 | E12: 9020 | F12: 9085 | G12: =SUM(D12:F12) -> 27255 | H12: 4877 | I12: 5008 | J12: 4306 | K12: =SUM(H12:J12) -> 14191 | L12: 0 | M12: 0 | N12: 0 | O12: =SUM(L12:N12) -> 0 | P12: 31041 | Q12: 585 | R12: 29747 | S12: 30332 | T12: 97.72 | U12: 521 | V12: 566 | W12: 30834 | X12: 4104 | Y12: 0 | Z12: 15305 | AA12: 179 | AB12: 14619 | AC12: 14798 | AD12: 96.69 | AE12: -39 | AF12: 733 | AG12: 15313 | AH12: 1721 | AI12: 15798991 | AJ12: 23531.6 | AK12: 0 | AL12: 1593.01 | AM12: =((AJ12+AK12)*AL12)/1000 -> 37486.074
A13: 2 | B13: Allerdale | C13: E0931 | D13: 13178 | E13: 13010 | F13: 12860 | G13: =SUM(D13:F13) -> 39048 | H13: 8743 | I13: 7858 | J13: 7437 | K13: =SUM(H13:J13) -> 24038 | L13: 0 | M13: 0 | N13: 0 | O13: =SUM(L13:N13) -> 0 | P13: 43442 | Q13: 358 | R13: 42063 | S13: 42421 | T13: 97.65 | U13: 754 | V13: 635 | W13: 43452 | X13: 6274 | Y13: 0 | Z13: 26258 | AA13: 109 | AB13: 25518 | AC13: 25627 | AD13: 97.6 | AE13: -350 | AF13: 95 | AG13: 25263 | AH13: 2554 | AI13: 27254632 | AJ13: 33602.21 | AK13: 0 | AL13: 1569.31 | AM13: =((AJ13+AK13)*AL13)/1000 -> 52732.284
A14: 3 | B14: Amber Valley | C14: E1031 | D14: 16470 | E14: 16000 | F14: 16122 | G14: =SUM(D14:F14) -> 48592 | H14: 8679 | I14: 10280 | J14: 8496 | K14: =SUM(H14:J14) -> 27455 | L14: 0 | M14: 0 | N14: 0 | O14: =SUM(L14:N14) -> 0 | P14: 53850 | Q14: 932 | R14: 52299 | S14: 53231 | T14: 98.85 | U14: 470 | V14: 926 | W14: 53695 | X14: 6699 | Y14: 0 | Z14: 30029 | AA14: 205 | AB14: 29523 | AC14: 29728 | AD14: 99 | AE14: -700 | AF14: 200 | AG14: 29023 | AH14: 2548 | AI14: 30662929 | AJ14: 41761.79 | AK14: 1.2 | AL14: 1504.58 | AM14: =((AJ14+AK14)*AL14)/1000 -> 62835.759
A15: 4 | B15: Arun | C15: E3832 | D15: 24993 | E15: 24094 | F15: 24487 | G15: =SUM(D15:F15) -> 73574 | H15: 9378 | I15: 10269 | J15: 8960 | K15: =SUM(H15:J15) -> 28607 | L15: 0 | M15: 0 | N15: 0 | O15: =SUM(L15:N15) -> 0 | P15: 83235 | Q15: 541 | R15: 81151 | S15: 81692 | T15: 98.15 | U15: 1005 | V15: 427 | W15: 82583 | X15: 10066 | Y15: 0 | Z15: 30759 | AA15: 85 | AB15: 30295 | AC15: 30380 | AD15: 98.77 | AE15: -704 | AF15: 161 | AG15: 29752 | AH15: 4421 | AI15: 31114922 | AJ15: 63548.7 | AK15: 0 | AL15: 1522.01 | AM15: =((AJ15+AK15)*AL15)/1000 -> 96721.757
A16: 5 | B16: Ashfield | C16: E3031 | D16: 14064 | E16: 13681 | F16: 13584 | G16: =SUM(D16:F16) -> 41329 | H16: 9175 | I16: 9170 | J16: 9843 | K16: =SUM(H16:J16) -> 28188 | L16: 0 | M16: 0 | N16: 0 | O16: =SUM(L16:N16) -> 0 | P16: 46913 | Q16: 704 | R16: 44965 | S16: 45669 | T16: 97.35 | U16: 1046 | V16: 595 | W16: 46606 | X16: 6784 | Y16: 0 | Z16: 32043 | AA16: 95 | AB16: 31277 | AC16: 31372 | AD16: 97.91 | AE16: -77 | AF16: 201 | AG16: 31401 | AH16: 3968 | AI16: 33103426 | AJ16: 37162.48 | AK16: 0 | AL16: 1605.77 | AM16: =((AJ16+AK16)*AL16)/1000 -> 59674.396
A17: 6 | B17: Ashford | C17: E2231 | D17: 22828 | E17: 17239 | F17: 17193 | G17: =SUM(D17:F17) -> 57260 | H17: 17093 | I17: 12717 | J17: 12747 | K17: =SUM(H17:J17) -> 42557 | L17: 0 | M17: 0 | N17: 0 | O17: =SUM(L17:N17) -> 0 | P17: 58208 | Q17: 817 | R17: 56263 | S17: 57080 | T17: 98.06 | U17: 598 | V17: 795 | W17: 57656 | X17: 2008 | Y17: 0 | Z17: 44600 | AA17: 484 | AB17: 43708 | AC17: 44192 | AD17: 99.09 | AE17: -7 | AF17: 248 | AG17: 43949 | AH17: 2872 | AI17: 45531907 | AJ17: 46525.7 | AK17: 0 | AL17: 1427.32 | AM17: =((AJ17+AK17)*AL17)/1000 -> 66407.062
A18: 7 | B18: Aylesbury Vale | C18: E0431 | D18: 29532 | E18: 28163 | F18: 27848 | G18: =SUM(D18:F18) -> 85543 | H18: 17024 | I18: 12236 | J18: 13406 | K18: =SUM(H18:J18) -> 42666 | L18: 0 | M18: 0 | N18: 0 | O18: =SUM(L18:N18) -> 0 | P18: 94562 | Q18: 1037 | R18: 92260 | S18: 93297 | T18: 98.66 | U18: 863 | V18: 874 | W18: 93997 | X18: 10731 | Y18: 0 | Z18: 46107 | AA18: 1094 | AB18: 44736 | AC18: 45830 | AD18: 99.4 | AE18: 217 | AF18: 837 | AG18: 45790 | AH18: 4139 | AI18: 50146813 | AJ18: 69178.4 | AK18: 432.9 | AL18: 1501.49 | AM18: =((AJ18+AK18)*AL18)/1000 -> 104520.67
A19: 8 | B19: Babergh | C19: E3531 | D19: 16626 | E19: 13399 | F19: 12944 | G19: =SUM(D19:F19) -> 42969 | H19: 7914 | I19: 7460 | J19: 6438 | K19: =SUM(H19:J19) -> 21812 | L19: 0 | M19: 0 | N19: 0 | O19: =SUM(L19:N19) -> 0 | P19: 44890 | Q19: 505 | R19: 43630 | S19: 44135 | T19: 98.32 | U19: 301 | V19: 361 | W19: 44292 | X19: 3154 | Y19: 0 | Z19: 21886 | AA19: 34 | AB19: 21397 | AC19: 21431 | AD19: 97.92 | AE19: 42 | AF19: 22 | AG19: 21461 | AH19: 1212 | AI19: 22667022 | AJ19: 34317.4 | AK19: 222.9 | AL19: 1510.96 | AM19: =((AJ19+AK19)*AL19)/1000 -> 52189.012
A20: 9 | B20: Barking and Dagenham | C20: E5030 | D20: 15811 | E20: 15254 | F20: 15002 | G20: =SUM(D20:F20) -> 46067 | H20: 20068 | I20: 14275 | J20: 14037 | K20: =SUM(H20:J20) -> 48380 | L20: 0 | M20: 0 | N20: 0 | O20: =SUM(L20:N20) -> 0 | P20: 52266 | Q20: 1088 | R20: 48333 | S20: 49421 | T20: 94.56 | U20: 1398 | V20: 1478 | W20: 51209 | X20: 7736 | Y20: 0 | Z20: 56048 | AA20: 574 | AB20: 52723 | AC20: 53297 | AD20: 95.09 | AE20: 1828 | AF20: 429 | AG20: 54980 | AH20: 7841 | AI20: 62658572 | AJ20: 55879.8 | AK20: 0 | AL20: 1319.4 | AM20: =((AJ20+AK20)*AL20)/1000 -> 73727.808
A21: 10 | B21: Barnet | C21: E5031 | D21: 52994 | E21: 50262 | F21: 50754 | G21: =SUM(D21:F21) -> 154010 | H21: 37270 | I21: 29618 | J21: 31512 | K21: =SUM(H21:J21) -> 98400 | L21: 0 | M21: 0 | N21: 0 | O21: =SUM(L21:N21) -> 0 | P21: 175718 | Q21: 3187 | R21: 166741 | S21: 169928 | T21: 96.7 | U21: 3438 | V21: 2670 | W21: 172849 | X21: 27067 | Y21: 0 | Z21: 111464 | AA21: 573 | AB21: 106019 | AC21: 106592 | AD21: 95.63 | AE21: -909 | AF21: 279 | AG21: 105389 | AH21: 9656 | AI21: 1.1762942e+08 | AJ21: 146687 | AK21: 84 | AL21: 1416.2 | AM21: =((AJ21+AK21)*AL21)/1000 -> 207857.09
A22: 11 | B22: Barnsley | C22: E4401 | D22: 23104 | E22: 22697 | F22: 22615 | G22: =SUM(D22:F22) -> 68416 | H22: 15708 | I22: 14453 | J22: 12784 | K22: =SUM(H22:J22) -> 42945 | L22: 0 | M22: 0 | N22: 0 | O22: =SUM(L22:N22) -> 0 | P22: 81297 | Q22: 991 | R22: 77325 | S22: 78316 | T22: 96.33 | U22: 1620 | V22: 658 | W22: 79603 | X22: 15886 | Y22: 0 | Z22: 52857 | AA22: 319 | AB22: 51124 | AC22: 51443 | AD22: 97.32 | AE22: 2440 | AF22: 287 | AG22: 53851 | AH22: 12215 | AI22: 53471706 | AJ22: 74855.1 | AK22: 0 | AL22: 1415.27 | AM22: =((AJ22+AK22)*AL22)/1000 -> 105940.18
A23: 12 | B23: Barrow-in-Furness | C23: E0932 | D23: 8212 | E23: 7810 | F23: 8077 | G23: =SUM(D23:F23) -> 24099 | H23: 7430 | I23: 6539 | J23: 6548 | K23: =SUM(H23:J23) -> 20517 | L23: 0 | M23: 0 | N23: 0 | O23: =SUM(L23:N23) -> 0 | P23: 27937 | Q23: 511 | R23: 26525 | S23: 27036 | T23: 96.77 | U23: 653 | V23: 426 | W23: 27604 | X23: 4226 | Y23: 0 | Z23: 22713 | AA23: 647 | AB23: 21615 | AC23: 22262 | AD23: 98.01 | AE23: 66 | AF23: 704 | AG23: 22385 | AH23: 3019 | AI23: 24400487 | AJ23: 22310.5 | AK23: 0 | AL23: 1584.23 | AM23: =((AJ23+AK23)*AL23)/1000 -> 35344.963
... A337: 326 | B337: York | C337: E2701 | D337: 26073 | E337: 25270 | F337: 26575 | G337: =SUM(D337:F337) -> 77918 | H337: 32293 | I337: 26056 | J337: 25707 | K337: =SUM(H337:J337) -> 84056 | L337: 0 | M337: 0 | N337: 0 | O337: =SUM(L337:N337) -> 0 | P337: 84361 | Q337: 759 | R337: 81866 | S337: 82625 | T337: 97.94 | U337: 733 | V337: 705 | W337: 83304 | X337: 8049 | Y337: 0 | Z337: 95301 | AA337: 933 | AB337: 92481 | AC337: 93414 | AD337: 98.02 | AE337: -930 | AF337: 955 | AG337: 92506 | AH337: 11572 | AI337: 98872129 | AJ337: 67868.22 | AK337: 319 | AL337: 1419.98 | AM337: =((AJ337+AK337)*AL337)/1000 -> 96824.489
A338: 327 | B338: ZZZZ | C338: EZZZZ | D338: =SUM(D12:D337) -> 6910779.2 | E338: =SUM(E12:E337) -> 6715468.9 | F338: =SUM(F12:F337) -> 6696421.9 | G338: =SUM(G12:G337) -> 20322670 | H338: =SUM(H12:H337) -> 7432503.9 | I338: =SUM(I12:I337) -> 6410666.4 | J338: =SUM(J12:J337) -> 6219613 | K338: =SUM(K12:K337) -> 20062783 | ... AK338: =SUM(AK12:AK337) -> 34234.83 | AM338: =SUM(AM12:AM337) -> 27548539
